 Dungeon Crawl Stone Soup version 0.28-a0-1518-gbe868bca14 (webtiles) character file.

Game seed: 8561231898043035677

332 knot the Chopper (level 6, 68/70 HPs)
             Began as a Demonspawn Berserker on Jan 17, 2022.
             Was a Believer of Trog.
             Quit the game on level 4 of the Dungeon.
             The game lasted 00:03:05 (4494 turns).

knot the Chopper (Demonspawn Berserker)             Turns: 4494, Time: 00:03:06

Health: 68/70      AC:  5    Str: 15 (17) XL:     6   Next: 26%
Magic:  6/6        EV: 10    Int: 10 (11) God:    Trog [**....]
Gold:   59         SH:  0    Dex: 11 (12) Spells: 5/5 levels left

rFire   . . .      SeeInvis .   a - +0 hand axe
rCold   . . .      Faith    .   (no shield)
rNeg    . . .      Spirit   .   h - +0 ring mail
rPois   .          Reflect  .   (no helmet)
rElec   .          Harm     .   (no cloak)
rCorr   .          Rampage  .   (no gloves)
Will    .....                   (no boots)
Stlth   ..........              (no amulet)
HPRegen 0.21/turn               (no ring)
MPRegen 0.20/turn               (no ring)

@: berserking, very quick
A: demonic guardian 1, magic regeneration, demonic touch 2
a: Renounce Religion, Berserk, Trog's Hand


You were on level 4 of the Dungeon.
You worshipped Trog.
Trog was pleased with you.
You visited 1 branch of the dungeon, and saw 4 of its levels.

You collected 59 gold pieces.

Inventory:

Hand Weapons
 a - a +0 hand axe (weapon)
Missiles
 b - 3 boomerangs (quivered)
 e - 106 stones
Armour
 h - a +0 ring mail (worn)
Scrolls
 d - a scroll of blinking {unknown}
 f - a scroll of summoning {unknown}
 g - a scroll of fear {unknown}
 i - 2 scrolls of identify {unknown}
 j - 2 scrolls of fog {unknown}
 k - a scroll of acquirement {unknown}
 l - a scroll of enchant armour {unknown}
 n - a scroll of torment {unknown}
 o - a scroll of brand weapon {unknown}
Potions
 c - a potion of curing
 p - a potion of berserk rage


   Skills:
 - Level 3.0 Fighting
 * Level 6.2 Axes
 * Level 1.3 Throwing
 - Level 1.7 Armour
 - Level 1.7 Dodging


You had 5 spell levels left.
You didn't know any spells.
Your spell library contained the following spells:

 Spells                   Type           Power      Damage    Failure   Level
 Ozocubu's Armour         Ice            0%         N/A       91%         3
 Ozocubu's Refrigeration  Ice            0%         4d5       100%        7


Dungeon Overview and Level Annotations

Branches:
Dungeon (4/15)
 Temple: D:4-7

Altars:

Shops:
D:3 [


Innate Abilities, Weirdness & Mutations

A weak demonic guardian rushes to your aid.
You regenerate magic rapidly.
Your touch may inflict irresistible damage on your foes.


Message History

There is a stone staircase leading up here.
Pargi is nearby!
Throw: 3 boomerangs
Press: ? - help, Q - select action, (/) - cycle Shift-Dir - straight line, f - Pargi
Aim: Pargi (47% to hit)
You throw a boomerang.
The boomerang hits Pargi but does no damage.
A goblin comes into view. It is wielding a +0 dagger.
Throw: 3 boomerangs
Press: ? - help, Q - select action, (/) - cycle Shift-Dir - straight line, f/p - Pargi
Aim: Pargi (47% to hit)
You throw a boomerang. The boomerang hits Pargi.
Pargi is lightly wounded.
A red film seems to cover your vision as you go berserk!
You feel yourself moving faster!
You feel mighty!
You slash Pargi! Your touch misses Pargi.
Pargi is lightly wounded.
Pargi barely misses you. x2; Pargi claws you.
You hit Pargi.
Pargi is moderately wounded.
You closely miss Pargi.
Pargi is moderately wounded.
Pargi misses you. Pargi closely misses you. Pargi claws you.
You hit Pargi.
Pargi is moderately wounded.
Pargi closely misses you. Pargi claws you but does no damage.
Pargi barely misses you.
You slash Pargi!
Pargi is severely wounded.
You slash Pargi!
You feel the power of Trog in you as your rage grows.
You kill Pargi!
Trog accepts your kill.
You feel your strength returning.
You feel your intelligence returning.
You feel your dexterity returning.
Your Throwing skill increases to level 1!
You have reached level 6!
Your demonic ancestry asserts itself...
You feel the presence of a demonic guardian.
Are you sure you want to abandon this character and quit the game? (Confirm with "yes".)

### #@#
.....g.........
..#####.##..###
#.# .... ...
... #.# ## ...
#.#


You could see a goblin.

Vanquished Creatures
  Pargi (D:4)
  A jelly (D:3)
  An iguana (D:2)
  An orc wizard (D:3)
  4 gnolls (D:3)
  5 adders
  A worm (D:2)
  A dart slug (D:1)
  3 orcs (D:3)
  9 ball pythons
  A bat (D:2)
  5 endoplasms
  4 giant cockroaches
  5 goblins
  6 hobgoblins
  3 jackals (D:1)
  3 quokkas
  3 frilled lizards
  7 kobolds
  6 rats
70 creatures vanquished.

Notes
Turn   | Place    | Note
-------+----------+-------------------------------------------
     0 | D:1      | knot the Demonspawn Berserker began the quest for the Orb.
     0 | D:1      | Reached XP level 1. HP: 18/18 MP: 1/1
   184 | D:1      | Reached skill level 3 in Axes
   445 | D:1      | Gained mutation: Your touch may inflict minor irresistible
                  | damage on your foes. [demonic ancestry]
   445 | D:1      | Reached XP level 2. HP: 19/24 MP: 2/2
  1145 | D:2      | Reached XP level 3. HP: 25/29 MP: 3/3
  1268 | D:2      | Reached skill level 4 in Axes
  1359 | D:2      | Reached ** piety under Trog
  1800 | D:2      | Found a faded altar of an unknown god.
  1904 | D:2      | Gained mutation: Your touch may inflict irresistible damage
                  | on your foes. [demonic ancestry]
  1904 | D:2      | Reached XP level 4. HP: 22/35 MP: 4/4
  2580 | D:3      | Reached skill level 5 in Axes
  2586 | D:3      | Gained mutation: You regenerate magic rapidly. [demonic
                  | ancestry]
  2586 | D:3      | Reached XP level 5. HP: 35/41 MP: 5/5
  3574 | D:3      | Found Wuupraa's Armour Emporium.
  3815 | D:3      | Reached skill level 6 in Axes
  4484 | D:4      | Noticed Pargi
  4493 | D:4      | Killed Pargi
  4494 | D:4      | Reached skill level 1 in Throwing
  4494 | D:4      | Gained mutation: A weak demonic guardian rushes to your
                  | aid. [demonic ancestry]
  4494 | D:4      | Reached XP level 6. HP: 47/47 MP: 6/6
  4494 | D:4      | Quit the game

Illustrated notes

Levels and vault maps discovered:
D:1:      wander_arrival_chamber, layout_rooms, lemuel_old_faithful
D:2:      layout_loops_cross, dreamdust_ecumenical_altar_angels_and_demons
D:3:      layout_basic, serial_shops, shop_statue
D:4:      layout_basic, nicolae_overflow_crystal_walls, ebering_ghost_gozag,
          uniq_menkaure, uniq_pargi

Skill      XL: |  1  2  3  4  5 |
---------------+----------------+-----
Axes           | 3 4 5 6 |  6.2
Throwing       | 1 |  1.3
Fighting       | |  3.0
Armour         | |  1.7
Dodging        | |  1.7

Action                   |  1- 3 |  4- 6 || total
-------------------------+-------+-------++-------
Melee: Hand axe          |   103 |   129 ||   232
       Touch             |     7 |    13 ||    20
       Punch             |     1 |     1 ||     2
Throw: Boomerang         |       |     2 ||     2
Invok: Berserk           |     4 |     3 ||     7
  Use: Potion            |       |     6 ||     6
Armor: Animal skin       |     3 |       ||     3
       Ring mail         |    40 |    38 ||    78
Dodge: Dodged            |    78 |    75 ||   153

Table legend: (Time is in decaauts)
 A = Elapsed time spent in this place.
 B = Non-inter-level travel time spent in this place.
 C = Inter-level travel time spent in this place.
 D = Time resting spent in this place.
 E = Time spent auto-exploring this place.
 F = Levels seen in this place.
 G = Mean time per level.
                   A        B        C        D        E       F      G
               +--------+--------+--------+--------+--------+-----+--------+
         Total |   4548 |   4489 |     59 |   1857 |   2153 |   4 | 1137.0 |
       Dungeon |   4548 |   4489 |     59 |   1857 |   2153 |   4 | 1137.0 |
               +--------+--------+--------+--------+--------+-----+--------+

Top non-repeatable levels by time:
     D:3: 2045 daAuts
     D:2: 1365 daAuts
     D:1: 1128 daAuts
     D:4: 8 daAuts
